 Dungeon Crawl Stone Soup version 0.30-a0-553-g7fabdf1491 (webtiles) character file.

Game seed: 5954436085214433106

853515 karrick the Conqueror (level 27, -4/183 (199) HPs)
             Began as a Gargoyle Fighter on Dec 26, 2022.
             Was the Champion of the Shining One.
             Slain by Cerebov
             ... wielding the +6 sword of Cerebov {flame}
              (34 damage)
             ... in Pandemonium.
             The game lasted 05:59:54 (73622 turns).

karrick the Conqueror (Gargoyle Fighter)           Turns: 73622, Time: 05:59:55

HP:   -4/183 (199)  AC: 64    Str: 27      XL:     27
MP:   2/39          EV:  8    Int:  6 (7)  God:    the Shining One [******]
Gold: 8464          SH: 15    Dex: 27 (28) Spells: 26/26 levels left

rFire   + + +      SeeInvis +    J - +7 war axe (holy)
rCold   + . .      Faith    +    L - +3 buckler {rC+ rF+}
rNeg    + + +      Spirit   .    Y - +12 gold dragon scales
rPois   ∞          Reflect  .    g - +0 mask of the Dragon {Will+ Slay+3 SInv}
rElec   +          Harm     .    A - scarf {shadows}
rCorr   .          Rampage  .    U - +0 pair of gloves of Distant Shores {rC+ Regen+ Str+2 Int-3}
Will    ++++.      Clarity  +    F - +2 pair of boots "Elideith" {rPois Str+4 Dex+3}
Stlth   +                        N - amulet of faith
HPRegen 1.30/turn                z - ring "Ynuc" {rF+ Will+ SInv}
MPRegen 0.26/turn                y - ring of the Empire {rF+ Dex+6 Stlth+}

@: flying, glowing, studying Long Blades, drained, unable to read, unable to
drink
A: sickness immunity, AC +20, big wings, negative energy resistance 1,
electricity resistance, torment resistance 1, petrification resistance, hooves
1, horns 1, clarity, weak 1, cold vulnerability 2, inability to drink after
injury 1, inability to read after injury 2
}: 7/15 runes: decaying, slimy, silver, abyssal, glowing, dark, gossamer
a: Renounce Religion, Divine Shield, Cleansing Flame, Summon Divine Warrior


You were in Pandemonium.
You worshipped the Shining One.
The Shining One was exalted by your worship.
You visited 17 branches of the dungeon, and saw 69 of its levels.
You visited Pandemonium 2 times, and saw 13 of its levels.
You visited the Abyss 10 times.
You visited 1 bazaar.
You also visited: Trove, Sewer, Bailey and Wizlab.

You collected 13457 gold pieces.
You spent 4993 gold pieces at shops.

Inventory:

Hand Weapons
 d - the +5 glaive of the Guard {elec, spectral, AC+5}
   (You found it on level 1 of the Vaults)

   It occasionally discharges a powerful burst of electricity upon striking a
   foe.
   When it strikes, its spirit leaps out and fights alongside the wielder.
   AC:        It affects your AC (+5).
 h - the +9 sword of Zonguldrok {reap}
   (You found it in a wizard's laboratory)

   Any living foe damaged by it may be reanimated upon death as a zombie
   friendly to the wielder, with an increasing chance as more damage is dealt.
   The Shining One disapproves of the use of such an item.
 q - the +10 eveningstar of the Purse {speed, rPois}
   (You acquired it on level 2 of the Abyss)

   Attacks with this weapon are significantly faster.
   rPois:     It protects you from poison.
 E - a +6 spectral war axe
 H - a +6 antimagic war axe
 J - a +7 war axe of holy wrath (weapon)
Missiles
 G - 26 javelins (quivered)
Armour
 a - the +1 kite shield of Okawaru's Pride {Dex+4}
   (Okawaru gifted it to you on level 4 of the Swamp)

   Dex:       It affects your dexterity (+4).
 b - a scarf of repulsion
 g - the +0 mask of the Dragon (worn) {Will+ Slay+3 SInv}
   (You found it on level 5 of the Vaults)

   Slay:      It affects your accuracy & damage with ranged weapons and melee
   (+3).
   SInv:      It lets you see invisible.
   Will:      It increases your willpower.
 m - the +4 helmet of Ryalab {Int+5 Stlth+}
   (You bought it in a shop on level 2 of the Orcish Mines)

   Int:       It affects your intelligence (+5).
   Stlth:     It makes you more stealthy.
 A - a scarf of shadows (worn)
 C - the +5 robe of Night {Dark Will+ SInv}
   (You found it on level 1 of the Vaults)

   It shrouds the wearer in darkness, reducing the range at which they can see
   and be seen by others.
   SInv:      It lets you see invisible.
   Will:      It increases your willpower.
 F - the +2 pair of boots "Elideith" (worn) {rPois Str+4 Dex+3}
   (You bought it in a shop on level 3 of the Elven Halls)

   Str:       It affects your strength (+4).
   Dex:       It affects your dexterity (+3).
   rPois:     It protects you from poison.
 L - a +3 buckler of resistance (worn)
 P - the +2 hat of Okawaru's Fury {Rampage rN+ Regen+}
   (Okawaru gifted it to you on level 2 of the Vaults)

   rN:        It protects you from negative energy.
   Regen:     It increases your rate of health regeneration.
   Rampage:   It bestows one free step when moving towards enemies.
 R - the +8 crystal plate armour of Erhuoc {rElec rN+ Regen+}
   (Okawaru gifted it to you on level 11 of the Dungeon)

   rElec:     It insulates you from electricity.
   rN:        It protects you from negative energy.
   Regen:     It increases your rate of health regeneration.
 T - quicksilver dragon scales
 U - the +0 pair of gloves of Distant Shores (worn) {rC+ Regen+ Str+2 Int-3}
   (You bought it in a shop in a bazaar)

   Str:       It affects your strength (+2).
   Int:       It affects your intelligence (-3).
   rC:        It protects you from cold.
   Regen:     It increases your rate of health regeneration.
 V - the +1 cloak of Starlight {*Dazzle EV+4 Stlth--}
   (You found it on level 3 of the Elven Halls)

   It may blind those who miss an attack against the wearer in melee combat.
   EV:        It affects your evasion (+4).
   Stlth:     It makes you much less stealthy.
 Y - +12 gold dragon scales (worn)
 Z - the +9 scale mail of the Caustic God {rF- Regen+ Slay+3}
   (Okawaru gifted it to you on level 3 of the Lair of Beasts)

   Slay:      It affects your accuracy & damage with ranged weapons and melee
   (+3).
   rF:        It makes you vulnerable to fire.
   Regen:     It increases your rate of health regeneration.
Jewellery
 j - the ring of Hidgh {Fly rPois rC+ Int+6}
   (You took it off a red devil in Pandemonium)

   [ring of flight]

   Int:       It affects your intelligence (+6).
   rC:        It protects you from cold.
   rPois:     It protects you from poison.
   Fly:       It grants you flight.
 v - the ring "Sidas" {rPois rCorr Str+6 Int+4 Dex-5}
   (You found it in a treasure trove)

   [ring of strength]

   Str:       It affects your strength (+6).
   Int:       It affects your intelligence (+4).
   Dex:       It affects your dexterity (-5).
   rPois:     It protects you from poison.
   rCorr:     It protects you from acid and corrosion.
 y - the ring of the Empire (right hand) {rF+ Dex+6 Stlth+}
   (You found it in a treasure trove)

   [ring of dexterity]

   Dex:       It affects your dexterity (+6).
   rF:        It protects you from fire.
   Stlth:     It makes you more stealthy.
 z - the ring "Ynuc" (left hand) {rF+ Will+ SInv}
   (You found it on level 5 of the Vaults)

   [ring of see invisible]

   rF:        It protects you from fire.
   SInv:      It lets you see invisible.
   Will:      It increases your willpower.
 B - the amulet of the Futuristic God {Reflect +Inv SH+5 Stlth+}
   (You found it in a treasure trove)

   [amulet of reflection]

   It reflects blocked missile attacks.
   +Inv:      It lets you turn invisible.
   SH:        It affects your SH (+5).
   Stlth:     It makes you more stealthy.
 D - the ring "Qotwud" {rC+++ rN+ Will+ rCorr Stlth-}
   (You found it in Pandemonium)

   [ring of willpower]

   rC:        It renders you almost immune to cold.
   rN:        It protects you from negative energy.
   rCorr:     It protects you from acid and corrosion.
   Will:      It increases your willpower.
   Stlth:     It makes you less stealthy.
 N - an amulet of faith (around neck)
 X - a ring of resist corrosion
Wands
 I - a wand of digging (17)
Scrolls
 c - 25 scrolls of teleportation
 f - 13 scrolls of immolation
 l - 4 scrolls of torment
 r - 7 scrolls of enchant armour
 w - 2 scrolls of silence
 x - 13 scrolls of fog
 S - 14 scrolls of fear
 W - 4 scrolls of blinking
Potions
 e - 8 potions of invisibility
 i - 12 potions of haste
 n - 9 potions of ambrosia
 o - 32 potions of curing
 p - 4 potions of berserk rage
 s - 4 potions of might
 t - a potion of experience
 u - 11 potions of resistance
 M - 7 potions of mutation
 O - 13 potions of cancellation
 Q - 7 potions of heal wounds
Miscellaneous
 k - a phial of floods
 K - a condenser vane


   Skills:
 O Level 27 Fighting
 + Level 16.9(22.4) Axes
 + Level 25.7(27) Maces & Flails
 + Level 25.0 Armour
 + Level 22.8 Stealth
 + Level 22.4 Shields
 * Level 24.9 Invocations
 + Level 13.1 Evocations


You had 26 spell levels left.
You didn't know any spells.
Your spell library contained the following spells:

 Spells                   Type           Power      Damage    Failure   Level
 Apportation              Tloc           0%         N/A       98%         1
 Foxfire                  Conj/Fire      0%         2x1d4     98%         1
 Freeze                   Ice            0%         1d3       98%         1
 Magic Dart               Conj           0%         1d3       98%         1
 Necrotise                Necr           0%         1d4       98%         1
 Sandblast                Erth           0%         2d4       98%         1
 Shock                    Conj/Air       0%         1d3       98%         1
 Sting                    Tmut/Pois      0%         1d3       98%         1
 Summon Small Mammal      Summ           0%         N/A       98%         1
 Call Imp                 Summ           0%         N/A       99%         2
 Ensorcelled Hibernation  Hex/Ice        0%         N/A       99%         2
 Passwall                 Tmut/Erth      0%         N/A       99%         2
 Poisonous Vapours        Pois/Air       0%         N/A       99%         2
 Scorch                   Fire           0%         2d5       99%         2
 Searing Ray              Conj           0%         2d4       99%         2
 Static Discharge         Conj/Air       0%         2-2/arc   99%         2
 Call Canine Familiar     Summ           0%         N/A       100%        3
 Dazzling Flash           Conj/Hex       0%         N/A       100%        3
 Hailstorm                Conj/Ice       0%         3d3       100%        3
 Ignite Poison            Fire/Tmut/Pois 0%         N/A       100%        3
 Inner Flame              Hex/Fire       0%         N/A       100%        3
 Kindle Blastsparks       Fire/Tloc/Air  0%         2d10      100%        3
 Mephitic Cloud           Conj/Pois/Air  0%         N/A       100%        3
 Ozocubu's Armour         Ice            0%         N/A       100%        3
 Portal Projectile        Hex/Tloc       0%         N/A       100%        3
 Swiftness                Air            0%         N/A       100%        3
 Vampiric Draining        Necr           0%         2d6       100%        3
 Vhi's Electric Charge    Tloc/Air       0%         N/A       100%        3
 Airstrike                Air            0%         2d(0-16)  100%        4
 Animate Armour           Summ/Erth      0%         N/A       100%        4
 Cause Fear               Hex            0%         N/A       100%        4
 Dispel Undead            Necr           0%         3d6       100%        4
 Flame Wave               Conj/Fire      0%         2d4       100%        4
 Fulminant Prism          Conj/Hex       0%         3d5       100%        4
 Ice Form                 Ice/Tmut       0%         N/A       100%        4
 Iskenderun's Mystic Bla  Conj/Tloc      0%         2d3       100%        4
 Leda's Liquefaction      Hex/Erth       0%         N/A       100%        4
 Olgreb's Toxic Radiance  Pois           0%         N/A       100%        4
 Passage of Golubria      Tloc           0%         N/A       100%        4
 Petrify                  Tmut/Erth      0%         N/A       100%        4
 Sticky Flame             Conj/Fire      0%         2d3       100%        4
 Agony                    Necr           0%         N/A       100%        5
 Alistair's Intoxication  Tmut/Pois      0%         N/A       100%        5
 Arcjolt                  Conj/Air       0%         1d10      100%        5
 Blade Hands              Tmut           0%         N/A       100%        5
 Borgnjor's Vile Clutch   Necr/Erth      0%         N/A       100%        5
 Fireball                 Conj/Fire      0%         3d3       100%        5
 Freezing Cloud           Conj/Ice/Air   0%         6-21      100%        5
 Irradiate                Conj/Tmut      0%         3d11      100%        5
 Iskenderun's Battlesphe  Conj           0%         2d6       100%        5
 Lee's Rapid Deconstruct  Erth           0%         3d4*      100%        5
 Lightning Bolt           Conj/Air       0%         1d11      100%        5
 Metabolic Englaciation   Hex/Ice        0%         N/A       100%        5
 Silence                  Hex/Air        0%         N/A       100%        5
 Summon Forest            Summ/Tloc      0%         N/A       100%        5
 Conjure Ball Lightning   Conj/Air       0%         3x3d7     100%        6
 Eringya's Noxious Bog    Tmut/Pois      0%         N/A       100%        6
 Iron Shot                Conj/Erth      0%         9d1       100%        6
 Simulacrum               Ice/Necr       0%         N/A       100%        6
 Starburst                Conj/Fire      0%         6d3       100%        6
 Summon Cactus Giant      Summ           0%         N/A       100%        6
 Malign Gateway           Summ/Tloc      0%         N/A       100%        7
 Orb of Destruction       Conj           0%         9d5       100%        7
 Ozocubu's Refrigeration  Ice            0%         4d7       100%        7
 Spellforged Servitor     Conj/Summ      0%         N/A       100%        7
 Storm Form               Tmut/Air       0%         N/A       100%        7
 Summon Hydra             Summ           0%         N/A       100%        7
 Discord                  Hex            0%         N/A       100%        8
 Ignition                 Fire           0%         3d3       100%        8
 Lehudib's Crystal Spear  Conj/Erth      0%         10d2      100%        8
 Maxwell's Capacitive Co  Air            0%         ∞         100%        8
 Necromutation            Tmut/Necr      0%         N/A       100%        8
 Death's Door             Necr           0%         N/A       100%        9
 Shatter                  Erth           0%         3d5*      100%        9
 Cigotuvi's Dreadful Rot  Necr/Pois/Air  Unusable   N/A       N/A         2
 Sublimation of Blood     Necr           Unusable   N/A       N/A         2
 Statue Form              Tmut/Erth      Unusable   N/A       N/A         6

Dungeon Overview and Level Annotations

Branches:
Dungeon (15/15)            Temple (1/1) D:6            Lair (5/5) D:11
  Swamp (4/4) Lair:2       Spider (4/4) Lair:3        Slime (5/5) Lair:4
    Orc (2/2) D:11            Elf (3/3) Orc:2        Vaults (5/5) D:14
  Crypt (3/3) Vaults:2       Tomb (1/3) Crypt:3      Depths (4/4) D:15
   Hell (visited)             Dis (5/7) Hell            Geh (1/7) Hell
    Coc (0/7) Hell            Tar (5/7) Hell            Zot (5/5) Depths:4
  Sewer (visited)          Bailey (visited)          WizLab (visited)

Altars:
Ashenzari
Cheibriados
Dithmenos
Elyvilon
Fedhas
Gozag
Hepliaklqana
Kikubaaqudgha
Makhleb
Nemelex Xobeh
Okawaru
Qazlal
Ru
Sif Muna
Trog
Uskayaw
Vehumet
Wu Jian
Xom
Yredelemnul
Zin
The Shining One
Jiyva

Shops:
D:4 [   D:7 !   D:11 ?(:   D:13 (   Orc:1 (   Orc:2 *!*?   Elf:3 [
Depths:1 ?!

Portals:
Hell: Depths:1 Depths:2 Depths:3 Depths:4
Abyss: Depths:3 Depths:4
Pandemonium: Depths:2
Ziggurat: Depths:3

Annotations:
Lair:2 3 runed translucent doors, Iich's ghost, journeyman MiFi
Pan Cerebov


Innate Abilities, Weirdness & Mutations

You are immune to sickness and miasma.
Your stone body is resilient. (AC +20)
You are immune to poison.
Your large and strong wings let you fly.
You resist negative energy. (rN+)
You are resistant to electric shocks. (rElec)
You are resistant to unholy torment.
You are immune to petrification.
You have large cloven feet.
You have a pair of small horns on your head.
You possess an exceptional clarity of mind.
You are weak. (Str -2)
You are very vulnerable to cold. (rC--)
You occasionally lose the ability to drink potions when taking damage.
You sometimes lose the ability to read scrolls when taking damage.


Message History

The fire vortex dissipates!
You are engulfed in blazing flames.
You resist.
Cerebov gestures.
You see here a +0 demon whip.
Activating: Cleansing Flame (0% risk of failure)
Press: ? - help, Dir - look around, f - activate The golden flame engulfs you but does no damage.
The golden flame engulfs the hellion!!!!
The hellion writhes in agony!
You kill the hellion!
The hellion disappears in a puff of smoke!
The golden flame engulfs Cerebov!!!
Cerebov writhes in agony!
Cerebov is severely wounded.
The golden flame engulfs the fire vortex!
The fire vortex dissipates!
You are engulfed in blazing flames.
You resist.
* * * LOW HITPOINT WARNING * * *
Unknown command.
You don't have enough magic at the moment.
You hit Cerebov but do no damage. Your headbutt misses Cerebov.
Cerebov is severely wounded.
You are engulfed in blazing flames.
You resist. You block Cerebov's attack. The balrug gestures at you.
The fireball explodes!
The fireball engulfs Cerebov.
Cerebov completely resists.
The fireball engulfs the balrug.
The balrug completely resists.
The fireball engulfs the balrug.
The balrug completely resists.
The fireball engulfs you. You resist.
* * * LOW HITPOINT WARNING * * *
You block Cerebov's attack.
Unknown command.
You slice Cerebov!!
Cerebov convulses!!
You headbutt Cerebov!
Cerebov is severely wounded.
Cerebov gestures at you. The iron shot hits you!!!
The Shining One protects you from harm!
You slice Cerebov!!
Cerebov convulses!!!
You headbutt Cerebov, but do no damage.
Cerebov is almost dead.
Cerebov hits you with the +6 sword of Cerebov {flame}!!
You die...

.##,**,,#.#...#.#,,*,,#..........
.##,**'##.....^.##+####.#........
..#,**,..........,,#..'..........
.##,**,........○,,,#..#.#........
.##,**,,...v○.°○,,,#..#..........
..#,**,,,,#vv○#,,,,#..#.#......).
.##,**,,,##''2##,,,#..#........).
.##,****##..°.2#####))#.#.#.#...)
..#,***.......2&@.°...#.......#.#
.##,,,*####################'###.#
##**+,********************#.#....
#,,,*,,,,,,,,,,,,,,,,,,,,,..###.#
#,,,#######################*###.#
#,,,#..##..##..##..##..##.# #....
#####.....................# #.#.#
..........................###....
.................................


You could see Cerebov (fast), 2 balrugs, a hellion (summoned) and 3 fire
vortices.

Vanquished Creatures
  the Royal Jelly (Slime:5)
  Gloorx Vloq (Pan)
  Mnoleg (Pan)
  2 dread liches (Hell)
  Mara (Vaults:3)
  5 ancient liches
  2 orbs of fire (Zot:5)
  A juggernaut (Depths:4)
  Josephina (Crypt:2)
  Vv (Zot:2)
  A pandemonium lord (Pan)
  9 Killer Klowns (Zot:5)
  Saint Roka (Crypt:2)
  Margery (Vaults:2)
  Xtahua (Depths:4)
  10 caustic shrikes
  2 curse toes
  Nikola (Swamp:2)
  20 golden dragons
  5 profane servitors
  15 bone dragons
  Jory (Crypt:3)
  5 doom hounds
  8 Tzitzimimeh
  An iron giant (Dis:3)
  2 electric golems (Zot:5)
  2 Hell Sentinels
  27 tentacled monstrosities
  A Brimstone Fiend (Geh:1)
  An Ice Fiend (Pan)
  A spectral shard shrike (Tar:1)
  Rupert (D:15)
  16 Orb Guardians
  A hellephant (Abyss:5)
  2 searing wretches
  6 deep elf blademasters
  6 liches
  10 deep elf master archers
  3 tainted leviathans
  7 quicksilver dragons
  12 titans
  2 walking earthen tomes
  A walking divine tome (Depths:2)
  8 sphinxes
  14 acid blobs
  17 Executioners
  12 tentacled starspawn
  The ghost of Eweu the Fighter, an adept DjFE of Gozag (D:14)
  13 ancient champions
  8 tengu reavers
  The ghost of xzight the Eclecticist, an adept DEFE of Ashenzari (Swamp:3)
  3 thorn hunters
  5 death cobs
  Roxanne (D:15)
  21 shadow dragons
  5 revenants
  14 storm dragons
  9 azure jellies (Slime:5)
  Donald (Spider:1)
  8 rockslimes
  6 draconian monks
  3 daevas
  5 draconian knights
  6 quicksilver elementals
  2 fenstrider witches (Swamp:2)
  23 fire giants
  8 ghost moths
  7 draconian scorchers
  9 deep elf sorcerers
  20 frost giants
  3 deep elf elementalists
  6 iron dragons
  16 balrugs
  15 vault wardens
  3 emperor scorpions (Spider:4)
  5 ghouls
  Louise (Spider:1)
  7 draconian stormcallers
  3 angels
  5 draconian shifters
  A juggernaut zombie (Crypt:1)
  5 spriggan defenders
  20 stone giants
  2 spectral juggernauts
  14 cacodemons (Pan)
  2 ophanim
  20 ironbound preservers
  7 war gargoyles
  7 draconian annihilators
  8 ironbound thunderhulks
  14 reapers
  4 demonspawn blood saints (Pan)
  3 orc warlords
  21 very ugly things
  A caustic shrike skeleton (Pan)
  2 curse skulls (Pan)
  10 quicksilver oozes
  A broodmother (shapeshifter) (Vaults:1)
  19 vampire knights
  2 broodmothers
  10 green draconians
  5 starflowers (Abyss:5)
  7 deep elf demonologists
  6 putrid mouths
  4 demonspawn black suns (Pan)
  11 deep elf annihilators
  10 black draconians
  11 red draconians
  9 yellow draconians
  Azrael (Spider:1)
  12 white draconians
  A spectral titan (Tar:2)
  12 purple draconians
  9 spark wasps
  9 bunyips
  8 eleionomae
  10 lorocyprocas
  16 dire elephants
  9 fire dragons
  2 mummy priests (Tomb:1)
  2 crystal guardians
  2 eidola
  A merfolk javelineer (Depths:2)
  6 deep elf death magi
  2 green deaths (Pan)
  7 blizzard demons
  13 jiangshi
  Snorg (Lair:5)
  21 ettins
  A fire dragon (shapeshifter) (Vaults:5)
  5 entropy weavers
  2 shambling mangroves (Swamp:4)
  A spriggan zombie (Crypt:3)
  14 yaktaur captains
  11 great orbs of eyes
  3 spectral spriggans
  9 iron golems
  7 deep elf high priests
  A kraken zombie (Hell)
  6 rakshasas
  Harold (D:9)
  An ogre mage (D:10)
  A fenstrider witch zombie (Crypt:2)
  A salamander tyrant (Geh:1)
  A quicksilver dragon skeleton (Pan)
  3 spriggan skeletons (Pan)
  20 hydras
  32 vault guards
  A jorogumo (Spider:3)
  5 spriggan air magi
  12 ice dragons
  10 ironbound frosthearts
  9 centaur warriors
  9 boulder beetles
  2 radroaches
  A hell beast (Depths:1)
  3 death knights
  A boulder beetle (shapeshifter) (Depths:3)
  23 dancing weapons
  2 fenstrider witch skeletons
  A peacekeeper (Vaults:2)
  An alligator (Swamp:4)
  The ghost of purpskrrrp the Crack Shot, a journeyman DEHu of Hepliaklqana (D:14)
  11 death yaks
  20 hell hogs
  9 deep troll shamans
  20 thrashing horrors
  A naga warrior (Abyss:5)
  2 two-headed ogres
  4 tengu warriors
  12 deep troll earth magi
  3 orc high priests (Orc:2)
  21 soul eaters
  A spectral dire elephant (Tar:4)
  14 spriggans
  10 spriggan berserkers
  6 holy swine (Pan)
  9 vampire magi
  12 iron trolls
  A spectral storm dragon (Crypt:1)
  29 sun demons
  22 hell knights
  21 deep elf knights
  3 titan skeletons
  2 crystal echidnas
  7 wretched stars
  9 sixfirhies
  4 spatial maelstroms
  A bunyip zombie (Crypt:3)
  10 shadow wraiths
  2 storm dragon zombies (Crypt:3)
  32 skeletal warriors
  3 pharaoh ants
  Lodul (D:14)
  A steelbarb worm (shapeshifter) (Depths:2)
  66 deep trolls
  4 spriggan druids
  An anaconda zombie (Tomb:1)
  A spectral hydra (Swamp:3)
  7 glowing orange brains
  8 swamp dragons
  6 steelbarb worms
  9 orb spiders
  6 flayed ghosts
  2 shadow demons (Pan)
  11 bog bodies
  5 goliath frogs
  An anaconda skeleton (Pan)
  A spectral iron dragon (Tar:4)
  19 orc knights
  23 deep elf pyromancers
  2 golden dragon zombies (Crypt:3)
  9 lindwurms
  A lindwurm (shapeshifter) (Elf:1)
  18 deep elf archers
  22 phantasmal warriors
  3 harpies (Vaults:1)
  7 necromancers
  16 ironbound convokers
  13 wolf spiders
  8 wizards
  37 deep elf zephyrmancers
  A mana viper (shapeshifter) (Vaults:3)
  A spectral ice dragon (Crypt:1)
  8 orc sorcerers
  A glowing shapeshifter (Depths:2)
  3 spectral fire dragons (Crypt:1)
  2 stone giant zombies
  A cyclops (shapeshifter) (Vaults:1)
  4 cyclopes
  3 shining eyes
  4 will-o-the-wisps
  5 worldbinders
  50 ugly things
  4 manticores
  2 salamanders
  2 ice statues (Hell)
  2 guardian serpents (shapeshifter)
  23 moths of wrath
  4 centaur zombies
  6 black mambas
  15 elephants
  22 smoke demons
  2 frost giant skeletons
  A guardian serpent (Abyss:5)
  5 rust devils
  5 cane toads
  2 naga magi
  3 molten gargoyles (Hell)
  2 centaur skeletons
  An alligator snapping turtle zombie (Crypt:2)
  14 vault sentinels
  24 orange demons
  10 hellions
  2 gargoyles
  A cane toad (shapeshifter) (D:14)
  A white draconian zombie (Crypt:2)
  7 eyes of devastation
  8 demonic crawlers
  2 naga skeletons (Pan)
  11 komodo dragons
  7 torpor snails
  Psyche (D:8)
  11 freezing wraiths
  42 yaktaurs
  4 kobold demonologists
  5 unseen horrors
  A komodo dragon (shapeshifter) (Vaults:5)
  A spectral death drake (Swamp:3)
  8 tormentors
  A minotaur skeleton (Crypt:2)
  An anaconda simulacrum (Abyss:5)
  10 efreet
  3 guardian mummies (Tomb:1)
  8 hellwings
  15 rime drakes
  2 spectral harpies (Tar:2)
  A harpy zombie (Tomb:1)
  12 red devils
  10 ancient zymes
  A hydra zombie (Hell)
  6 ice devils
  A bloated husk (Swamp:1)
  12 polar bears
  2 spectral nagas
  2 silent spectres
  Prince Ribbit (D:9)
  20 tarantellas
  6 trolls
  A raiju (shapeshifter) (Abyss:5)
  20 raiju
  4 tyrant leeches
  A dream sheep (shapeshifter) (Vaults:5)
  26 hornets
  70 slime creatures
  27 blink frogs
  A fire dragon zombie (Crypt:3)
  7 dream sheep (Lair:5)
  An ettin zombie (Crypt:3)
  53 large abominations
  28 jumping spiders
  35 starcursed masses
  3 shadows
  2 centaur simulacra (Crypt:2)
  A black mamba zombie (Crypt:1)
  2 air elementals (Elf:2)
  41 flying skulls
  8 water elementals
  An ushabti (Tomb:1)
  16 culicivoras
  A satyr skeleton (Crypt:1)
  A fire dragon skeleton (Crypt:2)
  30 vampires
  4 wyverns
  13 ynoxinuls
  8 wraiths
  6 fire elementals
  2 golden eyes (Depths:1)
  3 steam dragons
  56 yaks
  17 neqoxecs
  4 basilisks
  13 chaos spawn
  A minotaur simulacrum (Crypt:2)
  A black mamba skeleton (Pan)
  46 redbacks
  17 vampire mosquitoes
  8 wargs
  A wind drake skeleton (Crypt:1)
  A harpy simulacrum (Crypt:2)
  A fire bat zombie (Crypt:2)
  A swamp worm (shapeshifter) (Vaults:3)
  23 swamp worms
  25 hell hounds
  2 spatial vortices (Abyss:5)
  A two-headed ogre zombie (WizLab)
  3 acid dragons
  10 water moccasins
  A faun skeleton (Crypt:3)
  2 floating eyes
  2 ice beasts (D:6)
  33 orc warriors
  13 black bears
  A hydra simulacrum (Hell)
  10 swamp drakes (Swamp:4)
  19 small abominations
  17 ogres
  28 wolves
  18 centaurs
  3 phantoms
  2 kobold brigands
  20 bullfrogs
  A bullfrog (shapeshifter) (Vaults:5)
  A komodo dragon skeleton (Crypt:1)
  A gnoll sergeant (D:11)
  3 necrophages
  4 earth elementals
  9 wights
  A scorpion (D:6)
  A yak zombie (Crypt:3)
  7 troll zombies (WizLab)
  6 killer bees (D:10)
  2 electric eels
  A polar bear skeleton (Crypt:2)
  3 howler monkeys
  6 crimson imps (Pan)
  2 hounds (D:6)
  8 jellies
  Crazy Yiuf (D:2)
  16 orc priests
  A gnoll bouda (D:5)
  Terence (D:2)
  5 iguanas
  4 hell rats (Hell)
  24 orc wizards
  7 ogre zombies (WizLab)
  2 mummies (Tomb:1)
  21 gnolls
  12 adders
  4 shadow imps
  9 white imps
  2 ufetubi (D:5)
  A worm zombie (Crypt:1)
  An iguana skeleton (Crypt:2)
  A lava snake zombie (Crypt:1)
  A worm (D:4)
  3 dart slugs
  78 orcs
  7 endoplasms
  7 giant cockroaches
  14 goblins
  23 hobgoblins
  4 jackals (D:1)
  30 kobolds
  9 quokkas
  13 ball pythons
  A ball python zombie (Crypt:3)
  6 bats
  5 frilled lizards
  A frilled lizard zombie (Crypt:2)
  6 rats
  6 fire vortices (Pan)
  4 lurking horrors
  8 starspawn tentacles
  2 tentacles (Hell)
3352 creatures vanquished.

Vanquished Creatures (collateral kills)
  An orb of fire (Zot:5)
  Geryon (Hell)
  A profane servitor (Hell)
  A Tzitzimitl (Tar:2)
  A lich (Abyss:5)
  An Ice Fiend (Pan)
  A tentacled monstrosity (Pan)
  A tainted leviathan (Hell)
  2 cacodemons (Pan)
  A war gargoyle (Hell)
  A reaper (Tar:2)
  A putrid mouth (Tar:2)
  A yellow draconian (Zot:5)
  A spectral quicksilver dragon (Tar:2)
  A spectral tengu (Tar:2)
  2 hell beasts (Hell)
  A sun demon (Hell)
  An iron troll (Hell)
  4 sixfirhies (Pan)
  2 soul eaters
  A shadow wraith (Hell)
  3 smoke demons
  A large abomination (Abyss:5)
  2 orange demons (Pan)
  2 sea snake zombies (Hell)
  A hellion (Hell)
  2 hydra zombies (Hell)
  A tyrant leech (Abyss:5)
  A raiju (Abyss:5)
  A water elemental (Hell)
  7 neqoxecs (Pan)
  2 starcursed masses (Abyss:5)
  2 starspawn tentacles (Abyss:5)
52 creatures vanquished.

Vanquished Creatures (others)
  A sphinx (Vaults:5)
  A fire giant (Vaults:5)
  A shambling mangrove (Swamp:4)
  A dancing weapon (Dis:5)
  A deep elf knight (Elf:2)
  A skeletal warrior (Hell)
  A deep elf archer (Crypt:3)
  A necromancer (Hell)
  2 moths of wrath (Zot:2)
  A torpor snail (Spider:4)
  2 bloated husks
  A hornet (Swamp:4)
  2 vampire mosquitoes (Swamp:3)
  A hydra simulacrum (Swamp:3)
  A spriggan simulacrum (Swamp:3)
  An orc priest (Crypt:2)
  A fire vortex (Pan)
  16 foxfires
  38 fungi
  A lurking horror (Abyss:5)
  68 plants
  15 starspawn tentacles
  3 tentacles (Hell)
  3 toadstools (D:8)
  5 withered plants (D:14)
169 creatures vanquished.

Grand Total: 3573 creatures vanquished

Notes
Turn   | Place    | Note
-------+----------+-------------------------------------------
     0 | D:1      | karrick the Gargoyle Fighter began the quest for the Orb.
     0 | D:1      | Reached XP level 1. HP: 14/14 MP: 1/1
    72 | D:1      | Reached XP level 2. HP: 9/19 MP: 2/2
   345 | D:1      | Noticed a Brimstone Fiend
   356 | D:1      | Found a faded altar of an unknown god.
   406 | D:1      | Reached XP level 3. HP: 24/24 MP: 3/3
   735 | D:2      | Noticed Terence
   774 | D:2      | Killed Terence
   775 | D:2      | Reached XP level 4. HP: 15/29 MP: 4/4
   925 | D:2      | Found a runed translucent door.
   926 | D:2      | Noticed Crazy Yiuf
   986 | D:2      | Killed Crazy Yiuf
  1174 | D:2      | Reached XP level 5. HP: 33/33 MP: 5/5
  1251 | D:2      | Found a broken altar of Ashenzari.
  1372 | D:2      | Reached skill level 4 in Fighting
  1508 | D:3      | Found a glowing drain.
  1553 | Sewer    | Entered a sewer
  2280 | D:4      | Noticed a phantom
  2308 | D:4      | Killed a phantom
  2309 | D:4      | Reached XP level 6. HP: 38/39 MP: 6/6
  2319 | D:4      | Found a radiant altar of Vehumet.
  2392 | D:4      | Found Xyehuh's Antique Armour Shoppe.
  2511 | D:4      | Found a sacrificial altar of Ru.
  2511 | D:4      | Found a burning altar of Makhleb.
  2511 | D:4      | Found a glowing golden altar of the Shining One.
  2554 | D:4      | Reached skill level 1 in Stealth
  2830 | D:5      | Entered Level 5 of the Dungeon
  2890 | D:5      | Found a stormy altar of Qazlal.
  2957 | D:5      | Reached skill level 5 in Maces & Flails
  2965 | D:5      | Reached XP level 7. HP: 32/44 MP: 7/7
  3233 | D:5      | Reached skill level 5 in Fighting
  3714 | D:6      | Found a staircase to the Ecumenical Temple.
  3723 | Temple   | Entered the Ecumenical Temple
  3835 | Temple   | Became a worshipper of Warmaster Okawaru
  4171 | D:6      | Noticed a steam dragon
  4171 | D:6      | Noticed a steam dragon
  4215 | D:7      | Reached skill level 5 in Armour
  4277 | D:7      | Reached XP level 8. HP: 50/50 MP: 8/8
  4387 | D:7      | Found Usussuas's Distillery.
  4390 | D:7      | Bought a potion of heal wounds for 65 gold pieces
  4586 | D:7      | Found an ancient bone altar of Kikubaaqudgha.
  5009 | D:8      | Noticed a hornet
  5026 | D:8      | Killed a hornet
  5026 | D:8      | Reached * piety under Okawaru
  5079 | D:8      | Noticed a yak
  5079 | D:8      | Noticed a yak
  5080 | D:8      | Noticed a yak
  5083 | D:8      | Noticed a yak
  5113 | D:8      | Reached skill level 6 in Fighting
  5117 | D:8      | Killed a yak
  5130 | D:8      | Killed a yak
  5131 | D:8      | Reached XP level 9. HP: 26/56 MP: 9/9
  5247 | D:8      | Reached ** piety under Okawaru
  5270 | D:8      | Reached skill level 5 in Shields
  5820 | D:8      | Noticed Psyche
  6099 | D:7      | Reached skill level 7 in Fighting
  6707 | D:6      | Reached skill level 10 in Maces & Flails
  6729 | D:6      | Reached XP level 10. HP: 31/63 MP: 10/10
  6733 | D:6      | Reached *** piety under Okawaru
  7498 | D:9      | Noticed Prince Ribbit
  7518 | D:9      | Killed Prince Ribbit
  7725 | D:9      | Reached **** piety under Okawaru
  7771 | D:9      | Noticed Harold
  7805 | D:9      | Killed Harold
  8174 | D:10     | Entered Level 10 of the Dungeon
  8202 | D:10     | Reached skill level 8 in Fighting
  8264 | D:10     | Reached XP level 11. HP: 60/68 MP: 8/11
  8300 | D:10     | Found a flagged portal.
  8307 | Bailey   | Entered a bailey
  8417 | Bailey   | Noticed an orc knight
  8467 | Bailey   | Killed an orc knight
  8467 | Bailey   | Reached ***** piety under Okawaru
  8561 | Bailey   | Noticed an orc knight
  8585 | Bailey   | Killed an orc knight
  8586 | Bailey   | Reached skill level 1 in Invocations
  9043 | Bailey   | Noticed an orc warlord
  9100 | Bailey   | Noticed an orc knight
  9131 | Bailey   | Killed an orc knight
  9188 | Bailey   | HP: 2/69 [orc warlord/+8 battleaxe (10)]
  9487 | D:10     | Noticed a two-headed ogre
  9496 | D:10     | Killed a two-headed ogre
  9703 | D:10     | Identified the +11 falchion of Fintat {venom, Drain rPois
                  | SInv}
  9890 | D:10     | Noticed a cyclops
  9890 | D:10     | Noticed a boulder beetle
  9890 | D:10     | Noticed a cyan ugly thing
  9890 | D:10     | Noticed an ogre mage
  9890 | D:10     | Noticed a centaur warrior
  9918 | D:10     | Killed a boulder beetle
 10072 | D:11     | Found a staircase to the Lair.
 10183 | D:11     | Noticed a cyclops
 10202 | D:11     | Killed a cyclops
 10203 | D:11     | Reached skill level 9 in Fighting
 10355 | D:11     | Found a staircase to the Orcish Mines.
 10417 | D:11     | Found Harycead's Antique Weapon Emporium.
 10688 | D:11     | Found Koakk's Magic Scroll Emporium.
 10700 | D:11     | Bought a scroll of identify for 26 gold pieces
 10700 | D:11     | Bought a scroll of identify for 26 gold pieces
 10768 | D:11     | Identified the +8 crystal plate armour of Erhuoc {rElec rN+
                  | Regen+} (Okawaru gifted it to you on level 11 of the
                  | Dungeon)
 10768 | D:11     | Received a gift from Okawaru
 10859 | D:11     | Reached XP level 12. HP: 64/76 MP: 11/15
 10986 | D:11     | Found Tuppopus's Book Boutique.
 11084 | D:11     | Noticed a two-headed ogre
 11100 | D:11     | Killed a two-headed ogre
 11571 | D:12     | Noticed a boulder beetle
 11591 | D:12     | Killed a boulder beetle
 11618 | D:12     | Found a transporter.
 11621 | D:12     | Found a transporter.
 11630 | D:12     | Found a flickering gateway to a bazaar.
 11640 | Bazaar   | Entered a bazaar
 11640 | Bazaar   | Found Ced Osuithryt's Magic Scroll Shop.
 11644 | Bazaar   | Found Miote's Armour Boutique.
 11651 | Bazaar   | Found Zulucsoy's Distillery.
 11671 | Bazaar   | Found Suzxug's Magic Scroll Emporium.
 11674 | Bazaar   | Found Fucufim's Jewellery Boutique.
 11708 | Bazaar   | Bought the +0 pair of gloves of Distant Shores {rC+ Regen+
                  | Str+2 Int-3} for 180 gold pieces
 11713 | Bazaar   | Bought a scroll of teleportation for 42 gold pieces
 11713 | Bazaar   | Bought a scroll of enchant armour for 105 gold pieces
 11736 | Bazaar   | Bought a scroll of blinking for 75 gold pieces
 11736 | Bazaar   | Bought a scroll of teleportation for 30 gold pieces
 11753 | Bazaar   | Bought 2 scrolls of identify for 40 gold pieces
 11782 | D:12     | Found a transporter.
 11782 | D:12     | Found a transporter.
 11786 | D:12     | Found a transporter.
 11786 | D:12     | Found a transporter.
 11808 | D:12     | Reached skill level 5 in Invocations
 12330 | D:10     | Killed a centaur warrior
 12331 | D:10     | Reached skill level 10 in Fighting
 12338 | D:10     | Killed an ogre mage
 12465 | D:10     | Noticed a great orb of eyes
 12466 | D:10     | Noticed a great orb of eyes
 12642 | D:8      | Killed Psyche
 13141 | Lair:1   | Entered Level 1 of the Lair of Beasts
 13228 | Lair:1   | Found a glowing golden altar of the Shining One.
 13410 | Lair:1   | Noticed a fire dragon
 13471 | Lair:2   | Reached skill level 1 in Axes
 13591 | Lair:2   | Found a runed translucent gate.
 13592 | Lair:2   | Found a runed translucent gate.
 13593 | Lair:2   | Found a runed translucent gate.
 13594 | Lair:2   | Noticed Iich's ghost (journeyman MiFi)
 13649 | Lair:2   | Reached XP level 13. HP: 61/83 MP: 11/17
 13817 | Lair:2   | You are sucked into a shaft and drop 1 floor!
 13845 | Lair:3   | Reached skill level 15 in Maces & Flails
 13920 | Lair:3   | Found a hole to the Spider Nest.
 14133 | Lair:3   | Reached skill level 10 in Armour
 14254 | Lair:3   | Identified the +9 scale mail of the Caustic God {rF- Regen+
                  | Slay+3} (Okawaru gifted it to you on level 3 of the Lair of
                  | Beasts)
 14254 | Lair:3   | Received a gift from Okawaru
 14818 | Lair:2   | Reached skill level 11 in Fighting
 15021 | Lair:2   | Found a staircase to the Swamp.
 15517 | Lair:2   | Found a viscous altar of Jiyva.
 15730 | Lair:4   | Gained mutation: Your large and strong wings let you fly.
                  | [Gargoyle growth]
 15730 | Lair:4   | Reached XP level 14. HP: 84/91 MP: 16/20
 15766 | Lair:4   | Received a gift from Okawaru
 16019 | Lair:4   | Reached skill level 12 in Fighting
 16664 | Lair:4   | Found a staircase to the Slime Pits.
 16915 | Lair:5   | Entered Level 5 of the Lair of Beasts
 17049 | Lair:5   | Received a gift from Okawaru
 17387 | Lair:5   | Noticed a dire elephant
 17411 | Lair:5   | Killed a dire elephant
 17412 | Lair:5   | Reached skill level 13 in Fighting
 17740 | Lair:5   | Noticed Snorg
 17756 | Lair:5   | Killed Snorg
 17757 | Lair:5   | Reached skill level 10 in Invocations
 18194 | Lair:5   | Reached ****** piety under Okawaru
 18234 | Lair:5   | Reached XP level 15. HP: 84/99 MP: 18/22
 18309 | Lair:5   | Received a gift from Okawaru
 19017 | Lair:5   | Reached skill level 10 in Shields
 19797 | D:13     | Reached skill level 14 in Fighting
 20049 | D:13     | Found Jisitext's Antique Weapon Boutique.
 20218 | D:13     | Found a portal to a secret trove of treasure.
 20263 | D:14     | Noticed Lodul
 20422 | D:14     | Killed Lodul
 20702 | D:14     | Found a runed translucent gate.
 20702 | D:14     | Found a runed translucent gate.
 20702 | D:14     | Found a runed translucent gate.
 21352 | D:14     | Noticed purpskrrrp's ghost (journeyman DEHu)
 21352 | D:14     | Noticed Eweu's ghost (adept DjFE)
 21478 | D:14     | Found a gate to the Vaults.
 21484 | D:14     | Identified the +1 robe of the Ant {Harm rF+ Slay+3}
 21506 | D:14     | Received a gift from Okawaru
 21742 | D:15     | Entered Level 15 of the Dungeon
 21846 | D:15     | Noticed Rupert
 21917 | Orc:1    | Entered Level 1 of the Orcish Mines
 21977 | Orc:1    | Found Lato's Weapon Shoppe.
 22511 | Orc:2    | Entered Level 2 of the Orcish Mines
 22718 | Orc:2    | Gained mutation: You are clumsy. (Dex -2) [a neqoxec]
 22748 | Orc:2    | Found a staircase to the Elven Halls.
 22781 | Orc:2    | Found Cyrghan's Magic Scroll Shoppe.
 22792 | Orc:2    | Reached XP level 16. HP: 68/107 MP: 12/24
 23090 | Orc:2    | Reached skill level 5 in Axes
 23459 | Orc:2    | Identified the +1 robe of Jiekhud {Regen+ Int+2 SInv}
                  | (Okawaru gifted it to you on level 2 of the Orcish Mines)
 23459 | Orc:2    | Received a gift from Okawaru
 23531 | Orc:2    | Found Cappoot's General Store.
 23536 | Orc:2    | Bought a scroll of teleportation for 36 gold pieces
 23539 | Orc:2    | Bought the +4 helmet of Ryalab {Int+5 Stlth+} for 672 gold
                  | pieces
 23541 | Orc:2    | Bought a scroll of enchant armour for 90 gold pieces
 23541 | Orc:2    | Bought a scroll of enchant weapon for 90 gold pieces
 23543 | Orc:2    | Found Sitz's Distillery.
 23567 | Orc:2    | Found Jalugg's Assorted Antiques.
 23576 | Orc:2    | Bought a fuming puce potion for 23 gold pieces
 23576 | Orc:2    | Bought a fuming puce potion for 23 gold pieces
 23576 | Orc:2    | Bought a lumpy blue potion for 23 gold pieces
 24164 | Swamp:1  | Entered Level 1 of the Swamp
 24338 | Swamp:1  | Reached skill level 15 in Fighting
 24831 | Swamp:1  | Identified the +3 leather armour "Enlysek" {Rampage rPois
                  | Str+3}
 24998 | Swamp:2  | Noticed a fenstrider witch
 25007 | Swamp:3  | Noticed a thorn hunter
 25031 | Swamp:3  | Killed a thorn hunter
 25158 | Swamp:3  | Found a transporter.
 25162 | Swamp:3  | Noticed xzight's ghost (adept DEFE)
 25163 | Swamp:3  | Found a transporter.
 25668 | Swamp:4  | Entered Level 4 of the Swamp
 25940 | Swamp:4  | Identified the +7 quarterstaff "Zeri" {flame, rCorr Int+2
                  | SInv}
 26061 | Swamp:4  | Got the Anthology of Shapes and Mortification
 26215 | Swamp:4  | Reached skill level 16 in Fighting
 26491 | Swamp:4  | Noticed a thorn hunter
 26514 | Swamp:4  | Killed a thorn hunter
 26515 | Swamp:4  | Reached XP level 17. HP: 91/116 MP: 26/26
 26799 | Swamp:4  | Got a decaying rune of Zot
 27064 | Swamp:4  | Identified the +1 kite shield of Okawaru's Pride {Dex+4}
                  | (Okawaru gifted it to you on level 4 of the Swamp)
 27064 | Swamp:4  | Received a gift from Okawaru
 27179 | Swamp:4  | Reached skill level 17 in Fighting
 27391 | Spider:1 | Entered Level 1 of the Spider Nest
 27391 | Spider:1 | Noticed Azrael
 27571 | Elf:1    | Entered Level 1 of the Elven Halls
 28603 | Elf:2    | Paralysed by an air elemental for 1 turns
 28747 | Elf:2    | Found a runed translucent gate.
 28748 | Elf:2    | Found a runed translucent gate.
 28748 | Elf:2    | Found a runed translucent gate.
 29075 | Elf:3    | Entered Level 3 of the Elven Halls
 29077 | Elf:3    | Acquired a manual of Armour
 29147 | Elf:3    | Identified the +2 pair of boots of Cowardice {rN+++ Dex+6
                  | Slay-6 Stlth-} (Okawaru gifted it to you on level 3 of the
                  | Elven Halls)
 29147 | Elf:3    | Received a gift from Okawaru
 29254 | Elf:3    | Found Elyojeck's Antique Armour Shop.
 29259 | Elf:3    | Bought a pair of scorched boots for 285 gold pieces
 29259 | Elf:3    | Identified the +2 pair of boots "Elideith" {rPois Str+4
                  | Dex+3} (You bought it in a shop on level 3 of the Elven
                  | Halls)
 29886 | Elf:3    | Reached skill level 18 in Fighting
 30011 | Elf:3    | Reached XP level 18. HP: 124/125 MP: 28/28
 30078 | Abyss:2  | Cast into level 2 of the Abyss (a deep elf sorcerer)
 30092 | Abyss:2  | Acquired the +10 eveningstar of the Purse {speed, rPois}
 30095 | Abyss:2  | Acquired a manual of Armour
 30126 | Abyss:2  | Noticed a bone dragon
 30148 | Abyss:2  | Killed a bone dragon
 30249 | Elf:3    | Escaped the Abyss
 30398 | Elf:3    | Identified the +5 short sword "Taomyek" {protect, Dex+4}
 30469 | Elf:3    | Noticed a deep elf master archer
 30489 | Elf:3    | Killed a deep elf master archer
 30720 | Elf:3    | Identified the +1 chain mail of Eweg {Fly Str+3 Int+4
                  | Dex-2}
 30720 | Elf:3    | Noticed a deep elf blademaster
 30759 | Elf:3    | Received a gift from Okawaru
 30878 | Elf:3    | Identified the +1 scale mail of Hysteria {SInv}
 30878 | Elf:3    | Noticed a deep elf master archer
 30929 | Elf:3    | Killed a deep elf blademaster
 31038 | Elf:3    | Killed a deep elf master archer
 31055 | Elf:3    | Identified the +1 robe "Guecief" {Harm rF+}
 31075 | Elf:3    | Identified the +8 halberd "Gaechi" {freeze, rPois rC+
                  | Dex-3}
 31134 | Elf:3    | Found the +1 cloak of Starlight {*Dazzle EV+4 Stlth--}
 31142 | Elf:3    | Got the Precepts of Frigid Venom
 31164 | Elf:3    | Reached skill level 19 in Fighting
 31204 | Elf:3    | Got the Dissertation on Lithic Ignition
 31732 | Elf:2    | Noticed a deep elf blademaster
 31746 | Elf:2    | Killed a deep elf blademaster
 32241 | D:14     | Killed purpskrrrp's ghost
 32246 | D:14     | Killed Eweu's ghost
 32457 | D:15     | Noticed Roxanne
 32485 | D:15     | Killed Roxanne
 32639 | D:15     | Killed Rupert
 32639 | D:15     | Received a gift from Okawaru
 32944 | D:15     | Found a glowing golden altar of the Shining One.
 33196 | D:15     | Reached XP level 19. HP: 134/134 MP: 29/29
 33201 | D:15     | Received a gift from Okawaru
 33229 | D:15     | Found a staircase to the Depths.
 33409 | Vaults:1 | Entered Level 1 of the Vaults
 33478 | Vaults:1 | Reached skill level 20 in Fighting
 33534 | Vaults:1 | Found the +5 robe of Night {Dark Will+ SInv}
 33568 | Vaults:1 | Reached skill level 15 in Armour
 33618 | Vaults:1 | Found the +5 glaive of the Guard {elec, spectral, AC+5}
 33906 | Vaults:1 | Received a gift from Okawaru
 34038 | Vaults:1 | Reached skill level 15 in Invocations
 34374 | Vaults:1 | Identified the +5 plate armour "Uzusch" {*Slow Int+8 Dex+3}
                  | (Okawaru gifted it to you on level 1 of the Vaults)
 34374 | Vaults:1 | Received a gift from Okawaru
 34555 | Vaults:1 | Reached skill level 21 in Fighting
 35024 | Vaults:2 | Found a staircase to the Crypt.
 35024 | Vaults:2 | Found a basalt altar of Yredelemnul.
 35025 | Vaults:2 | Found an ancient bone altar of Kikubaaqudgha.
 35025 | Vaults:2 | Noticed Margery
 35051 | Vaults:2 | Killed Margery
 35070 | Vaults:2 | Reached XP level 20. HP: 97/144 MP: 31/31
 35101 | Vaults:2 | Reached skill level 5 in Stealth
 35415 | D:13     | You paid a toll of a +8 demon blade to enter a treasure
                  | trove
 35416 | Trove    | Entered a treasure trove
 35429 | Trove    | Got Sif Muna's Compendium of the Incandescent Dead
 35454 | Trove    | Identified the ring "Sidas" {rPois rCorr Str+6 Int+4 Dex-5}
 35456 | Trove    | Identified the ring of the Empire {rF+ Dex+6 Stlth+}
 35458 | Trove    | Identified the amulet of the Futuristic God {Reflect +Inv
                  | SH+5 Stlth+}
 35460 | Trove    | Identified the ring "Mixez" {Wiz rC+}
 35685 | Vaults:2 | Received a gift from Okawaru
 36430 | Vaults:2 | Identified the +2 hat of Okawaru's Fury {Rampage rN+
                  | Regen+} (Okawaru gifted it to you on level 2 of the Vaults)
 36430 | Vaults:2 | Received a gift from Okawaru
 36583 | Vaults:3 | Reached skill level 22 in Fighting
 36772 | Vaults:3 | Identified the +9 falchion of the Sun {vamp, Fly Int+2
                  | Dex-5 Stlth+}
 36971 | Vaults:3 | Paralysed by a sphinx for 2 turns
 37134 | Vaults:3 | Noticed Mara
 37671 | Vaults:3 | Identified the +1 kite shield of the Crushed Things {rElec}
                  | (Okawaru gifted it to you on level 3 of the Vaults)
 37671 | Vaults:3 | Received a gift from Okawaru
 37856 | Vaults:3 | Noticed karrick's illusion
 37881 | Vaults:3 | Noticed karrick's illusion
 37897 | Vaults:3 | Killed Mara
 38236 | Spider:1 | Killed Azrael
 38315 | Spider:1 | Reached XP level 21. HP: 152/152 MP: 33/33
 38388 | Spider:1 | Noticed Donald
 38414 | Spider:1 | Killed Donald
 38651 | Spider:1 | Noticed Louise
 38724 | Spider:1 | Killed Louise
 39650 | Spider:2 | Reached skill level 23 in Fighting
 40000 | Spider:3 | Identified the +7 mace of the Heart {elec, *Corrode rN+
                  | Int+3} (Okawaru gifted it to you on level 3 of the Spider
                  | Nest)
 40000 | Spider:3 | Received a gift from Okawaru
 40378 | Spider:3 | Reached XP level 22. HP: 160/160 MP: 34/34
 40576 | Spider:4 | Entered Level 4 of the Spider Nest
 41105 | Spider:4 | Received a gift from Okawaru
 41150 | Spider:4 | Identified the -1 pair of boots "Cihiebaw" {+Blink}
 41170 | Spider:4 | Got a gossamer rune of Zot
 41509 | Swamp:2  | Noticed Nikola
 41522 | Swamp:2  | Killed Nikola
 41922 | Swamp:3  | Killed xzight's ghost
 42239 | Depths:1 | Entered Level 1 of the Depths
 42272 | Depths:1 | Identified the +3 chain mail "Gull" {Str+3 Int+3 Stlth+}
 42388 | Depths:1 | Found Leutoit's Distillery.
 42388 | Depths:1 | Found Duful's Magic Scroll Boutique.
 42415 | Depths:1 | Bought a potion of mutation for 144 gold pieces
 42415 | Depths:1 | Bought a potion of mutation for 144 gold pieces
 42472 | Depths:1 | Bought a scroll of teleportation for 69 gold pieces
 42472 | Depths:1 | Bought a scroll of acquirement for 1196 gold pieces
 42472 | Depths:1 | Bought a scroll of acquirement for 1196 gold pieces
 42472 | Depths:1 | Bought a scroll of teleportation for 69 gold pieces
 42472 | Depths:1 | Acquired 1172 gold pieces
 42473 | Depths:1 | Acquired 721 gold pieces
 42477 | Depths:1 | Bought a scroll of enchant weapon for 172 gold pieces
 42477 | Depths:1 | Bought a scroll of enchant weapon for 172 gold pieces
 42645 | Depths:1 | Found a stormy altar of Qazlal.
 42709 | Depths:1 | Received a gift from Okawaru
 42790 | Depths:1 | Reached XP level 23. HP: 160/167 MP: 35/35
 42941 | Depths:2 | Reached skill level 24 in Fighting
 43064 | Depths:2 | Found a gateway to Hell.
 43217 | Depths:2 | Found a magical portal.
 43229 | WizLab   | Entered Zonguldrok's Shrine
 43513 | WizLab   | Noticed an antique lich
 43521 | WizLab   | Killed an antique lich
 43549 | WizLab   | Found the +9 sword of Zonguldrok {reap}
 43619 | Depths:2 | Found a one-way gate leading to the halls of Pandemonium.
 43814 | Depths:2 | Found a hazy altar of Hepliaklqana.
 44362 | Depths:2 | Identified the +1 crystal plate armour of the Orb Guardian
                  | {Contam Dex+8 SInv Stlth+} (Okawaru gifted it to you on
                  | level 2 of the Depths)
 44362 | Depths:2 | Received a gift from Okawaru
 44726 | Depths:2 | Noticed a golden dragon
 44736 | Depths:2 | Killed a golden dragon
 44943 | Depths:3 | Noticed a golden dragon
 44958 | Depths:3 | Killed a golden dragon
 44976 | Depths:3 | Reached skill level 10 in Stealth
 44990 | Depths:3 | Found a one-way gate to the infinite horrors of the Abyss.
 45324 | Depths:3 | Found a one-way gateway to a ziggurat.
 45537 | Depths:4 | Entered Level 4 of the Depths
 45628 | Depths:4 | Received a gift from Okawaru
 45759 | Depths:4 | Reached skill level 25 in Fighting
 45781 | Depths:4 | Reached XP level 24. HP: 111/176 MP: 35/35
 45861 | Depths:4 | Found a gate to the Realm of Zot.
 46194 | Depths:3 | Received a gift from Okawaru
 46304 | Depths:3 | Noticed a caustic shrike
 46321 | Depths:3 | Killed a caustic shrike
 46366 | Depths:3 | Identified the +1 ring mail of Rotation {rC++ MP+9}
 46545 | Depths:4 | Noticed Xtahua
 46562 | Depths:4 | Killed Xtahua
 46638 | Depths:4 | Received a gift from Okawaru
 47221 | Depths:4 | Noticed a juggernaut
 47235 | Depths:4 | Killed a juggernaut
 47236 | Depths:4 | Reached skill level 15 in Shields
 47647 | Depths:1 | Identified the ring of Lust {Fire rElec Int+4 Slay-3}
 47883 | Depths:1 | Gained mutation: You have supernaturally acute eyesight.
                  | (SInv) [a shining eye]
 47926 | Depths:1 | Got the Incunabulum of Conduction
 48361 | Vaults:4 | Reached skill level 26 in Fighting
 48758 | Vaults:4 | Identified the +2 hat "Axeaboph" {Harm Regen+ Str-2 Int+4}
                  | (Okawaru gifted it to you on level 4 of the Vaults)
 48758 | Vaults:4 | Received a gift from Okawaru
 48877 | Vaults:4 | Reached XP level 25. HP: 184/184 MP: 36/36
 49371 | Vaults:5 | Entered Level 5 of the Vaults
 49465 | Vaults:5 | Identified the +4 glaive "Purini" {antimagic, rElec rPois
                  | rF+ Int+2}
 49761 | Vaults:5 | Received a gift from Okawaru
 49881 | Vaults:5 | Identified the ring "Ynuc" {rF+ Will+ SInv}
 50214 | Vaults:5 | Reached skill level 27 in Fighting
 50248 | Vaults:5 | Identified the +7 ring mail "Qian" {*Corrode Regen+ Str+2
                  | Int+7} (Okawaru gifted it to you on level 5 of the Vaults)
 50248 | Vaults:5 | Received a gift from Okawaru
 50330 | Vaults:5 | Reached skill level 15 in Stealth
 50351 | Vaults:5 | Identified the +3 mace of the Ship {vorpal, rElec rCorr
                  | Str+8 Dex-5}
 50413 | Abyss:4  | Cast into level 4 of the Abyss (vault warden)
 50475 | Vaults:5 | Escaped the Abyss
 50620 | Vaults:5 | Got a silver rune of Zot
 50689 | Vaults:5 | Got Soamy's Grimoire of the Rocks and Wanderlust
 50991 | Vaults:5 | Found the +0 mask of the Dragon {Will+ Slay+3 SInv}
 50995 | Vaults:5 | Got the Exposition on Ice and Profane Arts
 50997 | Vaults:5 | Identified the +1 robe of Watoiq {Dex+5}
 51469 | Depths:3 | Voluntarily entered the Abyss.
 51703 | Abyss:4  | Reached XP level 26. HP: 182/193 MP: 36/36
 51910 | Abyss:4  | Found a corrupted altar of Lugonu.
 52033 | Abyss:5  | Noticed a dread lich
 52041 | Abyss:5  | Received a gift from Okawaru
 52079 | Abyss:5  | Paralysed by a floating eye for 2 turns
 52086 | Abyss:5  | Got an abyssal rune of Zot
 52096 | Depths:3 | Escaped the Abyss
 52394 | Slime:1  | Entered Level 1 of the Pits of Slime
 52475 | Slime:3  | Gained mutation: Your spells are a little harder to cast,
                  | but a little more powerful. [a shining eye]
 52614 | Slime:5  | Entered Level 5 of the Pits of Slime
 52925 | Slime:5  | Received a gift from Okawaru
 52986 | Slime:5  | Found a viscous altar of Jiyva.
 53087 | Slime:5  | Noticed the Royal Jelly
 53180 | Slime:5  | Killed the Royal Jelly
 53199 | Slime:5  | Identified the +8 short sword "Qyommele" {drain, rN++}
 53225 | Slime:5  | Got a slimy rune of Zot
 53269 | Slime:5  | Identified the ring "Xiahua" {rC+ Int+6}
 53690 | Crypt:1  | Entered Level 1 of the Crypt
 54427 | Crypt:2  | Identified the ring of the Genius {Ice Str+2}
 54427 | Crypt:2  | Noticed Josephina
 54438 | Crypt:2  | Killed Josephina
 54801 | D:15     | Fell from the grace of Okawaru
 54801 | D:15     | Became a worshipper of the Shining One
 54923 | Crypt:2  | Noticed Saint Roka
 54952 | Crypt:2  | Killed Saint Roka
 55343 | Crypt:2  | Reached * piety under the Shining One
 55472 | Crypt:2  | Reached ** piety under the Shining One
 55925 | Crypt:3  | Entered Level 3 of the Crypt
 55925 | Crypt:3  | Reached *** piety under the Shining One
 55925 | Crypt:3  | Found a staircase to the Tomb.
 56112 | Crypt:2  | Reached **** piety under the Shining One
 56192 | Crypt:3  | Reached XP level 27. HP: 199/199 MP: 36/36
 56221 | Crypt:3  | Reached ***** piety under the Shining One
 56255 | Crypt:2  | Found an ancient bone altar of Kikubaaqudgha.
 56405 | Crypt:3  | Paralysed by a vampire knight for 4 turns
 56486 | Crypt:3  | Paralysed by a vampire knight for 2 turns
 56593 | Crypt:3  | Reached ****** piety under the Shining One
 56658 | Crypt:3  | Identified a +7 war axe of holy wrath (a +5 war axe of
                  | venom blessed by the Shining One)
 56658 | Crypt:3  | Received a gift from the Shining One
 57107 | Crypt:3  | Noticed Jory
 57128 | Crypt:3  | Killed Jory
 57422 | Crypt:3  | Identified the +5 falchion of Ucwuas {vorpal, Int+4}
 57649 | Crypt:3  | Got the Volume of Filthy Companions
 57800 | Tomb:1   | Entered Level 1 of the Tomb of the Ancients
 57879 | Tomb:1   | Identified the ring of the Thirsty People {Fly rF- Will+
                  | EV+4}
 57945 | Tomb:1   | Paralysed by a sphinx for 4 turns
 57967 | Tomb:1   | Paralysed by a sphinx for 3 turns
 58526 | Zot:1    | Entered Level 1 of the Realm of Zot
 58792 | Zot:1    | Acquired a manual of Evocations
 58892 | Zot:1    | Reached skill level 1 in Evocations
 59641 | Zot:2    | Noticed Vv
 59668 | Zot:2    | Killed Vv
 59992 | Zot:2    | Noticed an orb of fire
 60362 | Zot:3    | Reached skill level 5 in Evocations
 61305 | Zot:5    | Entered Level 5 of the Realm of Zot
 62009 | Zot:5    | Was forgiven by Okawaru
 62113 | Zot:5    | Noticed an ancient lich
 62120 | Zot:5    | Noticed an orb of fire
 62154 | Zot:5    | Gained mutation: You have hidden genetic defects. [an orb
                  | of fire]
 62171 | Zot:5    | Killed an orb of fire
 62171 | Zot:5    | Noticed an orb of fire
 62180 | Zot:4    | Lost mutation: You have supernaturally acute eyesight.
                  | (SInv) [potion of mutation]
 62180 | Zot:4    | Lost mutation: You have hidden genetic defects. [potion of
                  | mutation]
 62180 | Zot:4    | Gained mutation: You sometimes lose your temper in combat.
                  | [potion of mutation]
 62180 | Zot:4    | Gained mutation: You have an increased reservoir of magic.
                  | (+10% MP) [potion of mutation]
 62180 | Zot:4    | Gained mutation: You are partially covered in iridescent
                  | scales. (AC +2) [potion of mutation]
 62180 | Zot:4    | Gained mutation: You are mostly covered in iridescent
                  | scales. (AC +4) [potion of mutation]
 62181 | Zot:4    | Lost mutation: Your spells are a little harder to cast, but
                  | a little more powerful. [potion of mutation]
 62181 | Zot:4    | Lost mutation: You have an increased reservoir of magic.
                  | (+10% MP) [potion of mutation]
 62181 | Zot:4    | Lost mutation: You are clumsy. (Dex -2) [potion of
                  | mutation]
 62181 | Zot:4    | Gained mutation: You occasionally lose the ability to read
                  | scrolls when taking damage. [potion of mutation]
 62182 | Zot:4    | Lost mutation: You sometimes lose your temper in combat.
                  | [potion of mutation]
 62182 | Zot:4    | Lost mutation: You are mostly covered in iridescent scales.
                  | (AC +4) [potion of mutation]
 62182 | Zot:4    | Gained mutation: You are agile. (Dex +4, Str/Int -1)
                  | [potion of mutation]
 62182 | Zot:4    | Gained mutation: You are very agile. (Dex +8, Str/Int -2)
                  | [potion of mutation]
 62289 | Hell     | Entered the Vestibule of Hell
 62289 | Hell     | Noticed Geryon
 62583 | Hell     | Reached skill level 10 in Axes
 62704 | Hell     | Killed Geryon
 62799 | Hell     | Found a gateway to the decaying netherworld of Tartarus.
 62890 | Hell     | Found a gateway to the freezing wastes of Cocytus.
 62980 | Hell     | Found a gateway to the Iron City of Dis.
 63166 | Hell     | Found a gateway to the ashen valley of Gehenna.
 63513 | Pan      | Entered Pandemonium
 63608 | Pan      | Reached skill level 10 in Evocations
 63660 | Pan      | Upgraded the game from 0.30-a0-540-g0af01429fa to
                  | 0.30-a0-553-g7fabdf1491
 63955 | Pan      | Noticed Tawoixze the pandemonium lord
 64094 | Pan      | Killed Tawoixze the pandemonium lord
 64111 | Pan      | Acquired 615 gold pieces
 64808 | Pan      | Gained mutation: Your spells are a little easier to cast,
                  | but a little less powerful. [a cacodemon]
 64986 | Pan      | Entered the realm of Gloorx Vloq.
 65808 | Pan      | Noticed Gloorx Vloq
 65841 | Pan      | Killed Gloorx Vloq
 65968 | Pan      | Got a dark rune of Zot
 66061 | Pan      | Entered the realm of Mnoleg.
 66061 | Pan      | Found an exit through the horrors of the Abyss.
 66116 | Pan      | Gained mutation: You are weak. (Str -2) [a cacodemon]
 66137 | Pan      | Gained mutation: You occasionally shout uncontrollably at
                  | your foes. [a neqoxec]
 66203 | Pan      | Gained mutation: You are very weak. (Str -4) [a cacodemon]
 66227 | Pan      | Gained mutation: Your spells are easier to cast, but less
                  | powerful. [a cacodemon]
 66240 | Pan      | Gained mutation: Your body sometimes deteriorates upon
                  | taking damage. [a neqoxec]
 66265 | Pan      | Noticed Mnoleg
 66270 | Pan      | Gained mutation: Armour fits poorly on your strangely
                  | shaped body. [a neqoxec]
 66283 | Pan      | Killed Mnoleg
 66291 | Pan      | Gained mutation: You do not regenerate when monsters are
                  | visible. [a cacodemon]
 66347 | Pan      | Got a glowing rune of Zot
 66403 | Pan      | Took an exit into the Abyss.
 66403 | Abyss:5  | Escaped into the Abyss
 66425 | Depths:2 | Escaped the Abyss
 66428 | Depths:2 | Lost mutation: Your body sometimes deteriorates upon taking
                  | damage. [potion of mutation]
 66428 | Depths:2 | Lost mutation: You do not regenerate when monsters are
                  | visible. [potion of mutation]
 66428 | Depths:2 | Gained mutation: You are covered in fur. (AC +1) [potion of
                  | mutation]
 66429 | Depths:2 | Lost mutation: You occasionally lose the ability to read
                  | scrolls when taking damage. [potion of mutation]
 66429 | Depths:2 | Lost mutation: You are partially covered in iridescent
                  | scales. (AC +2) [potion of mutation]
 66429 | Depths:2 | Lost mutation: You are covered in fur. (AC +1) [potion of
                  | mutation]
 66429 | Depths:2 | Gained mutation: You sometimes lose your temper in combat.
                  | [potion of mutation]
 66430 | Depths:2 | Lost mutation: Armour fits poorly on your strangely shaped
                  | body. [potion of mutation]
 66430 | Depths:2 | Lost mutation: You sometimes lose your temper in combat.
                  | [potion of mutation]
 66430 | Depths:2 | Lost mutation: Your spells are easier to cast, but less
                  | powerful. [potion of mutation]
 66430 | Depths:2 | Gained mutation: You have hidden genetic potential. [potion
                  | of mutation]
 66430 | Depths:2 | Gained mutation: You have a pair of small horns on your
                  | head. [potion of mutation]
 66431 | Depths:2 | Lost mutation: You are very weak. (Str -4) [potion of
                  | mutation]
 66431 | Depths:2 | Lost mutation: Your spells are a little easier to cast, but
                  | a little less powerful. [potion of mutation]
 66431 | Depths:2 | Lost mutation: You are very agile. (Dex +8, Str/Int -2)
                  | [potion of mutation]
 66431 | Depths:2 | Lost mutation: You are agile. (Dex +4, Str/Int -1) [potion
                  | of mutation]
 66432 | Depths:2 | Lost mutation: You have hidden genetic potential. [potion
                  | of mutation]
 66432 | Depths:2 | Lost mutation: You occasionally shout uncontrollably at
                  | your foes. [potion of mutation]
 66432 | Depths:2 | Gained mutation: You have hidden genetic potential. [potion
                  | of mutation]
 66432 | Depths:2 | Gained mutation: You are frail. (-10% HP) [potion of
                  | mutation]
 66432 | Depths:2 | Gained mutation: You possess an exceptional clarity of
                  | mind. [potion of mutation]
 66560 | Tar:1    | Entered Level 1 of Tartarus
 67955 | Tar:5    | Lost intelligence.
 68042 | Depths:3 | Voluntarily entered the Abyss.
 68219 | Abyss:5  | Gained mutation: You occasionally lose the ability to read
                  | scrolls when taking damage. [a neqoxec]
 68220 | Abyss:5  | Gained mutation: You sometimes lose the ability to read
                  | scrolls when taking damage. [a neqoxec]
 68223 | Abyss:5  | Gained mutation: You are vulnerable to cold. (rC-) [a
                  | neqoxec]
 68373 | Depths:3 | Escaped the Abyss
 68409 | Depths:3 | Voluntarily entered the Abyss.
 68497 | Depths:3 | Escaped the Abyss
 68499 | Depths:3 | Voluntarily entered the Abyss.
 68677 | Depths:3 | Escaped the Abyss
 68715 | Geh:1    | Entered Level 1 of Gehenna
 68721 | Geh:1    | Reached skill level 15 in Axes
 68763 | Hell     | Lost mutation: You are frail. (-10% HP) [hidden potential]
 68924 | Dis:1    | Entered Level 1 of the Iron City of Dis
 70127 | Dis:4    | Noticed an ancient lich
 70136 | Dis:4    | Noticed an ancient lich
 70142 | Dis:4    | Killed an ancient lich
 70143 | Dis:4    | Noticed a dread lich
 70143 | Dis:4    | Noticed a dread lich
 70265 | Hell     | Killed a dread lich
 70274 | Hell     | Killed a dread lich
 70281 | Hell     | Killed an ancient lich
 70374 | Dis:4    | Noticed an ancient lich
 70378 | Dis:4    | Killed an ancient lich
 70694 | Hell     | HP: 2/126 [iron golem (16)]
 70864 | Depths:3 | Voluntarily entered the Abyss.
 71148 | Abyss:5  | Gained mutation: You are very vulnerable to cold. (rC--) [a
                  | neqoxec]
 71266 | Abyss:5  | Paralysed by accursed screaming for 1 turns
 71292 | Depths:3 | Escaped the Abyss
 71351 | Depths:3 | Voluntarily entered the Abyss.
 71442 | Abyss:5  | Paralysed by accursed screaming for 1 turns
 71514 | Depths:3 | Escaped the Abyss
 71698 | Zot:5    | Gained mutation: You have large cloven feet. [hidden
                  | potential]
 71698 | Zot:5    | Lost mutation: You have hidden genetic potential. [hidden
                  | potential expressed]
 71744 | Zot:5    | Gained mutation: You occasionally lose the ability to drink
                  | potions when taking damage. [an orb of fire]
 71755 | Zot:5    | Killed an orb of fire
 71945 | Zot:5    | Noticed an orb of fire
 71971 | Zot:5    | Killed an orb of fire
 72122 | Abyss:5  | Cast into level 5 of the Abyss (Killer Klown)
 72130 | Zot:5    | Escaped the Abyss
 72283 | Zot:5    | Noticed an ancient lich
 72298 | Zot:5    | Killed an ancient lich
 72741 | Pan      | Entered the realm of Cerebov.
 72741 | Pan      | Entered Pandemonium
 73308 | Pan      | Identified the ring "Qotwud" {rC+++ rN+ Will+ rCorr Stlth-}
 73315 | Pan      | Identified the ring of Foem {rElec rC+ Will- Str+5 SInv}
 73437 | Pan      | Identified the ring of Hidgh {Fly rPois rC+ Int+6}
 73603 | Pan      | Found the +6 sword of Cerebov {flame}
 73603 | Pan      | Noticed Cerebov
 73621 | Pan      | The Shining One protects you from harm!
 73622 | Pan      | Slain by Cerebov

Illustrated notes

Levels and vault maps discovered:
D:1:      dpeg_arrival_stonehenge_12_columns, layout_basic,
          dreamdust_ecumenical_altar_sealed_demon
D:2:      kennysheep_big_flooded_room, layout_rooms, basic_altar, minivault_24,
          uniq_crazy_yiuf_cottage, uniq_terence
D:3:      layout_basic, gup_sewer_entry_pipe
D:4:      layout_rooms, general_overflow_altar, gammafunk_temple_overflow_claw,
          serial_shops, shop
D:5:      layout_rooms, mainiacjoe_overflow_six_doors_small
D:6:      kennysheep_steamy, layout_basic, minmay_temple_entry_junction,
          minmay_joined_circles
D:7:      layout_loops_corners, kiku_gazebo_pond_becter, serial_shops,
          nicolae_shop_behind_doors, centaur_isle
D:8:      layout_basic, minmay_gold_behind_fungi, lemuel_flamethrower_2,
          uniq_psyche
D:9:      layout_rooms, minivault_23, uniq_harold, uniq_prince_ribbit1
D:10:     minmay_shrinking_squares, layout_rooms, enter_bailey_3,
          minmay_misc_feat_secret_circle
D:11:     layout_basic, david_lair_shrubbed, orc_david_3, serial_shops, shop,
          shop, shop
D:12:     layout_basic, serial_shops, bzr_entry_lakeside, serial_nicolae_subway,
          nicolae_sub_station_crystal, nicolae_sub_station_metal,
          nicolae_sub_station_stone
D:13:     layout_rooms, enter_trove_6, nicolae_take_the_stairs,
          hangedman_corner_corridor
D:14:     layout_loops_corners, erik_vaults_1, nrook_mini_vaults,
          gammafunk_ghost_cemetery, uniq_lodul
D:15:     grunt_enter_depths_magical_seal, layout_stronghold,
          minmay_misc_feat_iff, tso_oasis_becter, uniq_roxanne, uniq_rupert
Temple:   nicolae_temple_superstar
Lair:1:   dragon1_lemuel, layout_chaotic_city, basic_altar,
          grunt_forest_small_clearing_treed
Lair:2:   layout_roguey, nicolae_swamp_entry_splash_gauntlet,
          gammafunk_ghost_ooze
Lair:3:   layout_roguey, dummy_spider_entry, lemuel_fruit_tree
Lair:4:   layout_small_grid, slime_entry_1, grunt_megastairs_3
Lair:5:   hangedman_lair_caniforms_friends, layout_hall_layers,
          hangedman_lair_in_review, uniq_snorg
Swamp:1:  layout_basic_swamp, serial_swamp_ruin, hangedman_swamp_ruin_wall,
          evilmike_swamp_ruin_house_1, evilmike_swamp_ruin_wall, swamp_pool3
Swamp:2:  layout_basic_swamp, evilmike_swamp_ruin_house_4, grunt_witch_cave,
          uniq_nikola
Swamp:3:  layout_falls_marsh, gammafunk_ghost_mausoleum,
          nicolae_swamp_dense_foliage
Swamp:4:  swamp_basic_johnstein, layout_basic_swamp, swamp_pool1,
          nicolae_swamp_no_escape, infiniplex_staircase_pool
Spider:1: layout_cave_pods, uniq_louise, uniq_azrael, uniq_donald
Spider:2: layout_spider_delve
Spider:3: layout_cave_pods
Spider:4: spider_rune_water
Slime:1:  layout_caves
Slime:2:  layout_caves
Slime:3:  layout_caves
Slime:4:  layout_caves, nicolae_slime_welcoming_committee
Slime:5
Orc:1:    layout_caves, serial_shops, shop
Orc:2:    st_orc_elflike, layout_caves
Elf:1:    eino_elf_arrival_shootout, layout_gridlike, hangedman_elf_represent,
          minivault_27, minivault_16
Elf:2:    nicolae_elf_blades_crystal_corner, layout_geoelf_octagon,
          hangedman_elf_targetted_burst
Elf:3:    minmay_elf_hall_quartered_circle, layout_geoelf_castle, serial_shops,
          nicolae_shop_hallway_plus
Vaults:1: v_misc_12, hangedman_vaults_variations,
          nicolae_vaults_disjoint_gnomons, minmay_guarded_unrand_guard_vaults,
          hangedman_vaults_maws, nicolae_vaults_asterisk,
          hangedman_vaults_nails, vaults_room_semicircle, layout_vaults_omnigrid
Vaults:2: minmay_crypt_entry_necro_gods, hangedman_vaults_pinch,
          nicolae_vaults_sealed_display, ontoclasm_vaults_eye, v_misc_15,
          v_rooms_6, st_cross, v_misc_3, nicolae_vaults_puzzle_piece,
          v_alt_pattern_3, layout_vaults_omnibox, uniq_margery
Vaults:3: vaults_mumra_chevron, vaults_room_hangedman_quadrants,
          hangedman_vaults_stream, hangedman_vaults_hat,
          nicolae_vaults_network_periphery, vaults_room_pool,
          nicolae_vaults_mini_display_case, v_misc_16, vaults_room_pools,
          layout_vaults_chaotic_city, uniq_mara
Vaults:4: nicolae_vaults_yaktaur_gun_rack, hangedman_vaults_stitches,
          vaults_standard_mumra_lines, v_misc_33, ontoclasm_vaults_twist,
          nicolae_vaults_network_quinsquares
          [nicolae_vaults_network_quincunx_subvault,
          nicolae_vaults_network_quincunx_subvault,
          nicolae_vaults_network_quincunx_subvault,
          nicolae_vaults_network_quincunx_subvault], hangedman_vaults_nails,
          vaults_room_door_ring, layout_vaults_omnicross
Vaults:5
Crypt:1:  layout_gridlike, weyrava_ghost_lake
Crypt:2:  layout_basic, small_statue_intersection, st_stairs_12,
          grunt_megastairs_2, lemuel_upstairs_altar, uniq_josephina,
          uniq_saint_roka
Crypt:3:  due_elkab, layout_chaotic_city, amcnicky_mini_corridor_feature
Tomb:1
Depths:1: layout_gridlike, grunt_qazlal_clouds, hellmouth_1, st_stairs_11,
          chequers_hall_statues_wall_a, hangedman_eye_storm, minmay_shoptagon
Depths:2: kennysheep_large_spiral, layout_basic, mu_enter_wizlab_5,
          grunt_hell_entry_dis_old, nicolae_hepliaklqana_hazy_memory,
          grunt_pan_entry_spiral
Depths:3: minmay_nine_rooms, layout_honeycomb, enter_ziggurat_d,
          serial_sigils_hangedman_confine, hell_entry, abyss_entry_crystal
Depths:4: grunt_crosshair, layout_basic, hell_entry, abyss_entry,
          kennysheep_random_hallway, uniq_xtahua
Hell
Dis:1:    layout_regular_city
Dis:2:    layout_subdivisions
Dis:3:    layout_subdivisions
Dis:4:    layout_gridville, nicolae_hells_leichenhalle
Dis:5:    hangedman_dis_monolith, layout_regular_city
Geh:1:    layout_gehenna_pools_box
Tar:1:    layout_grid_maze
Tar:2:    layout_grid_maze
Tar:3:    layout_grid_maze, nicolae_tar_honey_chapel
Tar:4:    layout_catacombs
Tar:5:    layout_honeycomb, nicolae_tar_honey_rotating
Zot:1:    layout_gridlike, st_single_dragon_hoard_4
Zot:2:    layout_misc_corridors, grunt_ministairs_8, st_stairs_14,
          nrook_zot_tub, uniq_vv
Zot:3:    layout_gridlike
Zot:4:    layout_misc_corridors
Zot:5:    layout_gridlike
Pan:      grunt_pan_zigzag, layout_gridlike, evilmike_mini_pan_possible_glass,
          layout_gridlike, pan_blood_fountain_small, nicolae_pan_cerebovesque_4,
          evilmike_mini_pan_T, layout_gridlike, nicolae_pan_mnolegish_5,
          evilmike_mini_pan_corner, layout_long_grid, evilmike_mini_pan_pillars,
          layout_pan_divisions_b [pan_division_quadrant_b3,
          pan_division_quadrant_b1, pan_division_quadrant_b4,
          pan_division_quadrant_b2], nicolae_pan_double_arrow,
          layout_pan_divisions_a [pan_division_quadrant_a1,
          pan_division_quadrant_a4, pan_division_quadrant_a3,
          pan_division_quadrant_a3, pan_division_octagon_empty],
          nicolae_pan_sigil_obb, evilmike_mini_pan_doors_b,
          layout_pan_divisions_a [pan_division_quadrant_a2,
          pan_division_quadrant_a5, pan_division_quadrant_a6,
          pan_division_quadrant_a6, pan_division_octagon_empty],
          nicolae_pan_sigil_nadil, evilmike_mini_pan_possible_glass,
          layout_stronghold, grunt_pan_zigzag, layout_gridlike,
          evilmike_mini_pan_3x3, layout_pan_divisions_b
          [pan_division_quadrant_b3, pan_division_quadrant_b3,
          pan_division_quadrant_b6, pan_division_quadrant_b2],
          nicolae_pan_sick_transit, nicolae_pan_cerebovesque_4, gloorx_vloq_st,
          layout_pan_divisions_b [pan_division_quadrant_b4,
          pan_division_quadrant_b6, pan_division_quadrant_b3,
          pan_division_quadrant_b3], pan_captured_pigsty, mnoleg,
          layout_grid_shapes, pan_blood_fountain_2, pan_blood_fountain_small,
          cerebov_st, layout_small_grid, nicolae_pan_lom_lobonic_3

Skill      XL: |  1  2  3  4  5  6  7  8  9 10 11 12 13 14 15 16 17 18 19 20 21 22 23 24 25 26 27 |
---------------+----------------------------------------------------------------------------------+-----
Maces & Flails | 3 4 5 6 8 10 12 13 14 15 16 17 18 19 20 21 22 23 25 | 25.7
Armour         | 4 5 6 7 8 9 10 11 12 13 14 16 17 18 19 20 21 23 25 | 25.0
Fighting       | 4 5 6 7 8 9 10 11 13 14 16 18 19 21 22 23 25 26 27 | 27.0
Shields        | 4 5 6 7 8 9 10 11 12 13 14 15 16 17 22 | 22.4
Stealth        | 1 2 3 4 5 6 7 11 13 15 17 22 | 22.8
Invocations    | 4 6 8 10 11 12 13 14 15 16 17 18 19 24 | 24.9
Axes           | 1 3 4 6 7 16 | 16.9
Evocations     | 13 | 13.1

Action                   |  1- 3 |  4- 6 |  7- 9 | 10-12 | 13-15 | 16-18 | 19-21 | 22-24 | 25-27 || total
-------------------------+-------+-------+-------+-------+-------+-------+-------+-------+-------++-------
Melee: Flail             |   117 |   228 |       |       |       |       |       |       |       ||   345
       Morningstar       |       |    89 |   295 |   875 |  1495 |       |       |       |       ||  2754
       Unarmed           |       |       |     3 |       |       |       |       |       |       ||     3
       War axe           |       |       |       |    14 |   158 |    35 |       |    31 |  2323 ||  2561
       Demon whip        |       |       |       |       |     7 |  1165 |       |       |       ||  1172
       Eveningstar       |       |       |       |       |       |   409 |  1415 |  1676 |  3612 ||  7112
       Headbutt          |       |       |       |       |       |       |       |       |   691 ||   691
Throw: Javelin           |       |       |       |       |       |       |       |     1 |       ||     1
Invok: Heroism           |       |       |     4 |    17 |    11 |    22 |     7 |     6 |     6 ||    73
       Finesse           |       |       |       |     1 |       |     1 |       |       |       ||     2
       Cleansing Flame   |       |       |       |       |       |       |       |       |    43 ||    43
       Summon Divine War |       |       |       |       |       |       |       |       |    24 ||    24
       Brand Weapon With |       |       |       |       |       |       |       |       |     1 ||     1
Evoke: Condenser vane    |       |       |       |       |       |     1 |     2 |     2 |     1 ||     6
       Wand              |       |       |       |       |       |       |       |     2 |     1 ||     3
  Use: Potion            |     1 |       |     2 |    12 |     1 |     2 |     4 |       |    24 ||    46
       Scroll            |       |       |    12 |     6 |     3 |    24 |     7 |     9 |    43 ||   104
 Stab: Sleeping          |       |       |       |       |       |     5 |    17 |    22 |    19 ||    63
       Distracted        |       |       |       |       |       |     2 |       |     7 |     6 ||    15
       Confused          |       |       |       |       |       |     1 |     6 |       |       ||     7
       Held in net/web   |       |       |       |       |       |       |     1 |       |       ||     1
Armor: Scale mail        |    85 |   228 |   158 |   490 |  1173 |   718 |   655 |   941 |  1373 ||  5821
       Skin              |       |       |     8 |     2 |       |       |       |       |       ||    10
       Gold dragon scale |       |       |       |       |       |       |       |       |  2607 ||  2607
Dodge: Dodged            |    87 |   162 |   139 |   318 |   674 |   346 |   386 |   449 |  1245 ||  3806
       Repelled          |       |       |       |       |       |       |       |     8 |    41 ||    49
Block: Buckler           |    43 |    74 |    74 |   219 |   496 |   251 |   455 |   625 |  2486 ||  4723
       Kite shield       |       |       |       |       |       |   155 |       |       |   612 ||   767

Table legend: (Time is in decaauts)
 A = Elapsed time spent in this place.
 B = Non-inter-level travel time spent in this place.
 C = Inter-level travel time spent in this place.
 D = Time resting spent in this place.
 E = Time spent auto-exploring this place.
 F = Levels seen in this place.
 G = Mean time per level.
                   A        B        C        D        E       F      G
               +--------+--------+--------+--------+--------+-----+--------+
         Total |  68701 |  60965 |   7736 |   2157 |  32771 |  98 |  701.0 |
       Dungeon |  17208 |  14392 |   2816 |    216 |  10550 |  15 | 1147.2 |
        Temple |    124 |     90 |     34 |      0 |     73 |   1 |  124.0 |
          Lair |   6519 |   5742 |    777 |      0 |   4122 |   5 | 1303.8 |
         Swamp |   3394 |   3147 |    247 |     39 |   1651 |   4 |  848.5 |
   Spider Nest |   2820 |   2578 |    242 |      0 |   1732 |   4 |  705.0 |
    Slime Pits |    910 |    844 |     66 |      5 |      0 |   5 |  182.0 |
  Orcish Mines |   1716 |   1505 |    211 |      0 |   1098 |   2 |  858.0 |
   Elven Halls |   4089 |   3932 |    157 |    239 |   1544 |   3 | 1363.0 |
        Vaults |   6907 |   6133 |    774 |      0 |   3484 |   5 | 1381.4 |
         Crypt |   3469 |   3232 |    237 |      0 |   1853 |   3 | 1156.3 |
          Tomb |    388 |    375 |     13 |     43 |      0 |   1 |  388.0 |
        Depths |   6009 |   4982 |   1027 |    327 |   2554 |   4 | 1502.2 |
          Hell |   1584 |   1376 |    208 |    617 |    332 |   1 | 1584.0 |
           Dis |   1374 |    950 |    424 |     61 |    415 |   5 |  274.8 |
       Gehenna |     53 |     53 |      0 |      0 |      0 |   1 |   53.0 |
      Tartarus |   1132 |    910 |    222 |      0 |    561 |   5 |  226.4 |
           Zot |   4001 |   3726 |    275 |    315 |   1158 |   5 |  800.2 |
         Abyss |   1766 |   1766 |      0 |      4 |    225 |  11 |  160.5 |
   Pandemonium |   3526 |   3526 |      0 |     52 |   1038 |  13 |  271.2 |
        Bazaar |    120 |    120 |      0 |      0 |     36 |   1 |  120.0 |
         Trove |    104 |    104 |      0 |      0 |     37 |   1 |  104.0 |
         Sewer |    311 |    311 |      0 |      0 |    191 |   1 |  311.0 |
        Bailey |    857 |    857 |      0 |    203 |    115 |   1 |  857.0 |
        Wizlab |    310 |    310 |      0 |     34 |      0 |   1 |  310.0 |
               +--------+--------+--------+--------+--------+-----+--------+

Top non-repeatable levels by time:
   Elf:3: 2162 daAuts
  Lair:5: 2134 daAuts
    D:11: 2009 daAuts
    D:14: 1849 daAuts
Depths:2: 1764 daAuts
Depths:3: 1659 daAuts
    Hell: 1584 daAuts
    D:15: 1583 daAuts
     D:6: 1583 daAuts
Vaults:1: 1523 daAuts
Vaults:5: 1512 daAuts
 Crypt:3: 1496 daAuts
     D:8: 1488 daAuts
  Lair:2: 1481 daAuts
Vaults:2: 1448 daAuts
